 Dungeon Crawl Stone Soup version 0.30-a0-867-g305f33218d (webtiles) character file.

Game seed: 16704309054833140681

103 Pimp the Insei (level 4, 0/29 HPs)
             Began as an Octopode Transmuter on Mar 10, 2023.
             Slain by a gnoll
             ... wielding a +0 spear
              (6 damage)
             ... on level 3 of the Dungeon.
             The game lasted 00:05:53 (1539 turns).

Pimp the Insei (Octopode Transmuter)                Turns: 1539, Time: 00:05:54

Health: 0/29       AC:  1    Str:  9    XL:     4   Next: 79%
Magic:  16/16      EV: 13    Int: 17    God:
Gold:   78         SH:  0    Dex: 12    Spells: 4/8 levels left

rFire   . . .      SeeInvis .      - Unarmed
rCold   . . .      Faith    .    (no shield)
rNeg    . . .      Spirit   .    (helmet currently unavailable)
rPois   .          Reflect  .    b - amulet of regeneration
rElec   .          Rampage  .    l - ring of magical power
rCorr   .                        (no ring)
Will    .....                    (no ring)
Stlth   ++                       (no ring)
HPRegen 1.04/turn                (no ring)
MPRegen 0.15/turn                (no ring)
                                 (no ring)
                                 (no ring)

@: appendages (expiring)
A: tentacle spike 3, almost no armour, amphibious, 8 rings, camouflage 1,
gelatinous body 1, (nimble swimmer 1), tentacles
a: End Transformation


You were on level 3 of the Dungeon.
One of your tentacles had grown a beastly spike.
You visited 1 branch of the dungeon, and saw 3 of its levels.

You collected 78 gold pieces.

Inventory:

Missiles
 f - 4 datura-tipped darts
Jewellery
 b - an amulet of regeneration (around mantle)
 l - a ring of magical power (left tentacle)
Scrolls
 c - 6 scrolls of identify {unknown}
 d - 2 scrolls of immolation {unknown}
 g - 2 scrolls of poison {unknown}
 h - a scroll of enchant armour {unknown}
 k - a scroll of enchant weapon {unknown}
 m - a scroll of teleportation {unknown}
 n - a scroll of fear {unknown}
Potions
 a - a potion of lignification
 e - a potion of haste {unknown}
 i - a potion of curing {unknown}
 j - 2 potions of heal wounds {unknown}


   Skills:
 + Level 2.1 Fighting
 + Level 2.8 Dodging
 + Level 3.5 Unarmed Combat
 + Level 2.6 Spellcasting
 + Level 2.7 Transmutations


You had 4 spell levels left.
You knew the following spells:

 Your Spells              Type           Power      Damage    Failure   Level
a - Beastly Appendage     Tmut           22%        N/A       6%          1
b - Spider Form           Tmut/Pois      6%         N/A       30%         3

Your spell library contained the following spells:

 Spells                   Type           Power      Damage    Failure   Level
 Wereblood                Tmut           11%        N/A       9%          2
 Summon Guardian Golem    Hex/Summ       2%         N/A       50%         3
 Ice Form                 Ice/Tmut       6%         N/A       71%         4
 Animate Dead             Necr           2%         N/A       88%         4
 Borgnjor's Vile Clutch   Necr/Erth      1%         N/A       99%         5
 Death Channel            Necr           1%         N/A       100%        6
 Orb of Destruction       Conj           1%         9d5       100%        7
 Spellforged Servitor     Conj/Summ      1%         N/A       100%        7


Dungeon Overview and Level Annotations

Branches:
Dungeon (3/15)

Altars:


Innate Abilities, Weirdness & Mutations

One of your tentacles has grown a beastly spike.
You cannot wear most types of armour.
You are amphibious.
You can wear up to eight rings at the same time.
Your skin changes colour to match your surroundings (Stealth+).
Your rubbery body absorbs attacks. (AC +1, EV +1)
((You are camouflaged when in or above water. (Stealth+)))
You have tentacles for arms and can constrict up to eight enemies at once.


Message History

The gnoll is heavily wounded.
You constrict the jackal.
You kill the jackal!
You constrict the gnoll.
You hear a shout!
The jackal misses you. The gnoll hits you with a +0 club!
A gnoll comes into view. It is wielding a +0 spear.
You tentacle-slap the gnoll.
You pierce the gnoll, but do no damage.
The gnoll is severely wounded.
You constrict the gnoll. The jackal closely misses you.
The gnoll closely misses you. The jackal bites you.
You tentacle-slap the gnoll.
You kill the gnoll!
The gnoll hits you from afar with a +0 spear.
* * * LOW HITPOINT WARNING * * *
The jackal bites you.
* * * LOW HITPOINT WARNING * * *
You tentacle-slap the jackal. Your grab misses the jackal.
The jackal is moderately wounded.
The jackal barely misses you. The gnoll completely misses you.
The jackal attacks as you move away! The jackal misses you.
The jackal bites you.
* * * LOW HITPOINT WARNING * * *
The gnoll closely misses you. The jackal barely misses you.
The jackal attacks as you move away! The jackal bites you.
* * * LOW HITPOINT WARNING * * *
The jackal attacks as you move away! The jackal misses you.
The jackal bites you.
* * * LOW HITPOINT WARNING * * *
The jackal attacks as you move away! The jackal bites you.
* * * LOW HITPOINT WARNING * * *
You see here a +0 dagger.
The jackal closely misses you.
There is a stone staircase leading up here.
Your transformation is almost over.
The jackal bites you.
* * * LOW HITPOINT WARNING * * *
The gnoll hits you from afar with a +0 spear.
You die...

..####..#.#######[###+######...#
......#.##......<.......##...#
#...#....#.................#
#.).....[..................##
#.#...####.................'.
#..........................##
########.##.g.......).........#
.......†...>..)).#.......####.#
##########.#.gh@.........# #.#
#.#.######......# #.# #.#..
......#'### #.# #.###########.#
#.# #.# #.# #.# #.# #.# #.. #.#
#.# ### #.# #.# #.###########.#


You could see 2 gnolls and a jackal.

Vanquished Creatures
  Terence (D:3)
  A gnoll (D:3)
  2 adders (D:2)
  2 worms (D:2)
  3 dart slugs (D:2)
  2 bats
  3 endoplasms
  6 goblins
  5 hobgoblins
  5 jackals
  3 ball pythons
  A frilled lizard (D:1)
  3 kobolds
  4 rats
41 creatures vanquished.

Notes
Turn   | Place    | Note
-------+----------+-------------------------------------------
     0 | D:1      | Pimp the Octopode Transmuter began the quest for the Orb.
     0 | D:1      | Reached XP level 1. HP: 13/13 MP: 3/3
   267 | D:1      | Reached XP level 2. HP: 18/18 MP: 5/5
   341 | D:1      | You fall into a shaft and drop 1 floor!
   532 | D:2      | Reached XP level 3. HP: 23/23 MP: 4/6
   900 | D:2      | Reached XP level 4. HP: 27/29 MP: 7/7
  1278 | D:3      | Noticed Terence
  1302 | D:2      | Learned a level 3 spell: Spider Form
  1342 | D:3      | Killed Terence
  1539 | D:3      | Slain by a gnoll

Illustrated notes

Levels and vault maps discovered:
D:1:      psy_arrival_heroes, layout_loops_ring
D:2:      layout_loops_ring
D:3:      layout_basic, uniq_terence

Skill      XL: |  1  2  3  4 |
---------------+-------------+-----
Fighting       | 2 |  2.1
Dodging        | |  2.8
Unarmed Combat | |  3.5
Spellcasting   | |  2.6
Transmutations | |  2.7

Action                     |  1- 3 |  4- 6 || total
---------------------------+-------+-------++-------
  Melee: Unarmed           |    65 |    36 ||   101
         Tentacles         |    14 |     5 ||    19
         Constrict         |    17 |     6 ||    23
         Kick              |    16 |     7 ||    23
   Cast: Beastly Appendage |    10 |     5 ||    15
         Spider Form       |       |     1 ||     1
   Stab: Sleeping          |     3 |     1 ||     4
 Armour: Skin              |     2 |     4 ||     6
  Dodge: Dodged            |    32 |    41 ||    73

Table legend: (Time is in decaauts)
 A = Elapsed time spent in this place.
 B = Non-inter-level travel time spent in this place.
 C = Inter-level travel time spent in this place.
 D = Time resting spent in this place.
 E = Time spent auto-exploring this place.
 F = Levels seen in this place.
 G = Mean time per level.
                   A        B        C        D        E       F      G
               +--------+--------+--------+--------+--------+-----+--------+
         Total |   1532 |   1485 |     47 |    166 |    950 |   3 |  510.7 |
       Dungeon |   1532 |   1485 |     47 |    166 |    950 |   3 |  510.7 |
               +--------+--------+--------+--------+--------+-----+--------+

Top non-repeatable levels by time:
     D:2: 980 daAuts
     D:1: 339 daAuts
     D:3: 212 daAuts
